 Dungeon Sprint DCSS version 0.31-a0-986-g5e6e4ef867 (webtiles) character file.

Game seed: 1191678997458169591

48 rocky1 the Tainter (level 7, -9/50 HPs)
             Began as a Demonspawn Venom Mage on Nov 14, 2023.
             Was an Initiate of Gozag.
             Killed by the air
             ... invoked by a wind drake
              (24 damage)
             ... in the Dungeon (Sprint VI: "Thunderdome").
             The game lasted 00:08:03 (318 turns).

rocky1 the Tainter (Demonspawn Venom Mage)           Turns: 318, Time: 00:08:04

Health: -9/50      AC:  3    Str:  9    XL:     7   Next: 3%
Magic:  0/18       EV: 13    Int: 18    God:    Gozag
Gold:   655        SH:  0    Dex: 13    Spells: 16/21 levels left

rFire   . . .        l - +0 short sword
rCold   . . .        (no shield)
rNeg    . . .        a - +0 robe
rPois   .            (no helmet)
rElec   .            d - +0 cloak
rCorr   .            (no gloves)
SInv    .            (no boots)
Will    .....        (no amulet)
Stlth   ++           (no ring)
HPRegen 0.28/turn    (no ring)
MPRegen 0.32/turn

%: no teleportation, guardian spirit
@: gold aura
A: spiny 1, magic shield, magic regeneration, sturdy frame 1
a: Renounce Religion, Potion Petition, Call Merchant, Bribe Branch


You were in the Dungeon.
You worshipped Gozag.
Gozag was pleased with you.
You visited 1 branch You collected 928 gold pieces.
You spent 273 gold pieces at shops.

Inventory:

Hand Weapons
 l - a +0 short sword (weapon)
Armour
 a - a +0 robe (worn)
 d - a +0 cloak (worn)
Wands
 i - a wand of acid (5)
 j - a wand of iceblast (3)
Scrolls
 k - 3 scrolls of fog
Potions
 b - a potion of magic
 c - 6 potions of curing
 e - 4 potions of haste
 f - a potion of berserk rage
 g - 2 potions of heal wounds


   Skills:
 + Level 2.1 Fighting
 + Level 3.8 Dodging
 - Level 3.0 Stealth
 + Level 7.8 Spellcasting
 + Level 4.4 Transmutations
 * Level 10.8 Poison Magic
 - Level 0.6 Evocations


You had 16 spell levels left.
You knew the following spells:

 Your Spells              Type           Power      Damage    Failure   Level
a - Sting                 Tmut/Pois      100%       1d8       1%          1
b - Olgreb's Toxic Radia  Pois           46%        N/A       1%          4

Your spell library contained the following spells:

 Spells                   Type           Power      Damage    Failure   Level
 Poisonous Vapours        Pois/Air       52%        N/A       1%          2
 Mephitic Cloud           Conj/Pois/Air  20%        N/A       7%          3


Dungeon Overview and Level Annotations

Branches:
Dungeon (1/1)

Altars:
Cheibriados
Dithmenos
Fedhas
Gozag
Kikubaaqudgha
Makhleb
Okawaru
Qazlal
Ru
Sif Muna
Trog
Uskayaw
Vehumet
Wu Jian
Xom
Yredelemnul
Lugonu

Shops:
D *[=??*?*:[((!!!!


Innate Abilities, Weirdness & Mutations

You are partially covered in sharp spines.
When hurt, damage is shared between your health and your magic reserves.
You regenerate magic rapidly.
Your movements are slightly less encumbered by armour. (ER -2)


Message History

You hit the sky beast.
You kill the sky beast!
Your Fighting skill increases to level 2!
You have reached level 7!
Casting: Sting (safe; 1% risk of failure)
Confirm with . or Enter, or press ? or * to list all spells.
You don't know that spell.
Casting: Sting (safe; 1% risk of failure)
Confirm with . or Enter, or press ? or * to list all spells.
You begin to radiate toxic energy.
The wind drake is poisoned.
The wind drake looks even sicker.
The wind drake bites you.
Unknown command.
You closely miss the wind drake.
The wind drake is lightly wounded.
The wind drake looks even sicker.
The wind drake is struck by your spines.
The wind drake bites you!
You hit the wind drake but do no damage.
The wind drake is moderately wounded.
The wind drake looks as sick as possible!
The wind drake is struck by your spines.
The wind drake bites you!
* * * LOW HITPOINT WARNING * * *
The wind drake bites you!
* * * LOW HITPOINT WARNING * * *
You feel much better.
The wind drake looks as sick as possible!
Your toxic aura wanes.
The wind drake flaps its wings at you. The air twists around and strikes you!
* * * LOW HITPOINT WARNING * * *
Unknown command.
Aiming: Sting (safe; 1% risk of failure)
Press: ? - help, Q - select action, (/) - cycle Shift-Dir - straight line, f - wind drake
Aim: a wind drake (moderately wounded, repelling missiles, extremely poisoned, 38% to hit)
The sting misses the wind drake.
The wind drake flaps its wings at you. The air twists around and strikes you!!
You die...
Your body crumbles into a pile of gold.

##.....## ##∩.....∩##
#∩.......∩# #_......._#
#_....$.._# #_........#
###.$$......###
#§...........⌠#
######.8k@.......8.######
##∩__.......###......___∩##
###∩...[....8.# #.8........∩#
##.............###............
#⌠..........###...###.........
#⌠..........# #.<.# #.........
#⌠........÷.###...###.........
##.............###....[.......
###∩.....)..8.# #.8....)...∩#


You could see a wind drake (repels missiles, extremely poisoned).

Vanquished Creatures
  4 sky beasts (D)
  A gnoll sergeant (D)
  A hound (D)
  Crazy Yiuf (D)
  Jessica (D)
  2 gnolls (D)
  A worm (D)
  3 kobolds (D)
14 creatures vanquished.

Notes
Turn   | Place    | Note
-------+----------+-------------------------------------------
     0 | D        | rocky1 the Demonspawn Venom Mage began the quest for the
                  | Orb.
     0 | D        | Reached XP level 1. HP: 13/13 MP: 3/3
     4 | D        | Found a bloodstained altar of Trog.
     5 | D        | Found a shimmering altar of Xom.
     5 | D        | Round 1.
     6 | D        | Found a shimmering blue altar of Sif Muna.
     7 | D        | Found Geud's Timeless Talismans.
     7 | D        | Found a corrupted altar of Lugonu.
     7 | D        | Found Lyrov's Identification Station.
     8 | D        | Found Remubruq's Jewellery.
     8 | D        | Found Peeggipn's Advanced Armour.
    14 | D        | Noticed Jessica
    21 | D        | Killed Jessica
    22 | D        | Reached skill level 1 in Transmutations
    22 | D        | Reached skill level 5 in Poison Magic
    22 | D        | Gained mutation: Your movements are slightly less
                  | encumbered by armour. (ER -2) [demonic ancestry]
    22 | D        | Reached XP level 2. HP: 11/19 MP: 0/6
    22 | D        | Gained mutation: You regenerate magic rapidly. [demonic
                  | ancestry]
    22 | D        | Reached XP level 3. HP: 14/24 MP: 0/7
    40 | D        | Found a shadowy altar of Dithmenos.
    47 | D        | Arena points: 12 (+12) [x2]
    66 | D        | Found a sacrificial altar of Ru.
    66 | D        | Found Zorarac's Magic Scroll Shop.
    66 | D        | Found Kuam's Magic Scroll Shop.
    67 | D        | Found Goeg's Must-Have Magic.
    68 | D        | Found a stormy altar of Qazlal.
    68 | D        | Found an ornate altar of the Wu Jian Council.
    68 | D        | Found Fickiul's Staff Store.
    72 | D        | Found a snail-covered altar of Cheibriados.
    74 | D        | Found an opulent altar of Gozag.
    75 | D        | Found Tomirch's Distillery.
    76 | D        | Found Uffegauw's Distillery.
    76 | D        | Found Deobbim's Bottled Wisdom.
    84 | D        | Became a worshipper of Gozag Ym Sagoz the Greedy
    85 | D        | Found a radiant altar of Vehumet.
    85 | D        | Found an iron altar of Okawaru.
    85 | D        | Found a burning altar of Makhleb.
    85 | D        | Found Urin's Do-It-Yourself Clinic.
    92 | D        | Found a basalt altar of Yredelemnul.
    93 | D        | Found a hide-covered altar of Uskayaw.
    94 | D        | Found Biuto's Weapon Rack.
    96 | D        | Found a blossoming altar of Fedhas.
    96 | D        | Found an ancient bone altar of Kikubaaqudgha.
    96 | D        | Found Ejaodghee's Premium Goods.
    98 | D        | Found Yskoc Ysil's Basic Armour.
    98 | D        | Found Jaageaw's Miscellaneous Merchandise.
   115 | D        | Round 2.
   129 | D        | Reached skill level 6 in Poison Magic
   136 | D        | Gained mutation: You are partially covered in sharp spines.
                  | [demonic ancestry]
   136 | D        | Reached XP level 4. HP: 25/30 MP: 2/9
   138 | D        | Noticed Crazy Yiuf
   141 | D        | Noticed a gnoll sergeant
   144 | D        | Learned a level 4 spell: Olgreb's Toxic Radiance
   150 | D        | Noticed a gnoll sergeant
   155 | D        | Killed Crazy Yiuf
   156 | D        | Reached skill level 7 in Poison Magic
   158 | D        | Killed a gnoll sergeant
   159 | D        | Reached skill level 5 in Spellcasting
   159 | D        | Reached XP level 5. HP: 11/36 MP: 2/12
   161 | D        | Bought 4 potions of curing for 84 gold pieces
   182 | D        | Arena points: 48 (+36) [x3]
   197 | D        | Round 3.
   213 | D        | Bought 4 potions of curing for 84 gold pieces
   213 | D        | Bought 3 potions of heal wounds for 105 gold pieces
   237 | D        | Noticed a sky beast
   241 | D        | Noticed a sky beast
   246 | D        | Killed a sky beast
   247 | D        | Reached skill level 1 in Fighting
   247 | D        | Reached skill level 8 in Poison Magic
   254 | D        | Killed a sky beast
   255 | D        | Reached skill level 9 in Poison Magic
   255 | D        | Gained mutation: When hurt, damage is shared between your
                  | health and your magic reserves. [demonic ancestry]
   255 | D        | Reached XP level 6. HP: 39/44 MP: 4/15
   274 | D        | Noticed a sky beast
   284 | D        | Killed a sky beast
   285 | D        | Reached skill level 10 in Poison Magic
   302 | D        | Noticed a sky beast
   311 | D        | Noticed a wind drake
   312 | D        | Killed a sky beast
   313 | D        | Reached XP level 7. HP: 32/50 MP: 9/18
   318 | D        | Killed from afar by a wind drake

Illustrated notes

Levels and vault maps discovered:
D:        arena_sprint

Skill      XL: |  1  2  3  4  5  6 |
---------------+-------------------+-----
Dodging        | 2 3 |  3.8
Stealth        | 2 3 |  3.0
Spellcasting   | 3 5 6 7 |  7.8
Transmutations | 1 2 3 4 |  4.4
Poison Magic   | 5 6 7 9 10 | 10.8
Fighting       | 1 2 |  2.1
Evocations     | |  0.6

Action                     |  1- 3 |  4- 6 |  7- 9 || total
---------------------------+-------+-------+-------++-------
  Melee: Short sword       |     1 |     9 |     2 ||    12
   Cast: Sting             |    15 |    10 |     1 ||    26
         Olgreb's Toxic Ra |       |     8 |     1 ||     9
  Evoke: Wand              |     2 |       |       ||     2
    Use: Potion            |     1 |     9 |     1 ||    11
         Scroll            |     1 |     3 |       ||     4
 Armour: Robe              |     5 |    14 |     6 ||    25
  Dodge: Dodged            |     4 |     8 |       ||    12

Table legend: (Time is in decaauts)
 A = Elapsed time spent in this place.
 B = Non-inter-level travel time spent in this place.
 C = Inter-level travel time spent in this place.
 D = Time resting spent in this place.
 E = Time spent auto-exploring this place.
 F = Levels seen in this place.
 G = Mean time per level.
                   A        B        C        D        E       F      G
               +--------+--------+--------+--------+--------+-----+--------+
         Total |    317 |    317 |      0 |     42 |      0 |   1 |  317.0 |
       Dungeon |    317 |    317 |      0 |     42 |      0 |   1 |  317.0 |
               +--------+--------+--------+--------+--------+-----+--------+

Top non-repeatable levels by time:
       D: 317 daAuts
